 Dungeon Crawl Stone Soup version 0.30.1-4-g462c640d31 (webtiles) character file.

Game seed: 14174071382602711652

1222 Peloso the Slasher (level 8, 0/70 HPs)
             Began as a Minotaur Fighter on Aug 18, 2023.
             Killed from afar by an acid dragon (14 damage)
             ... with a splash of acid
             ... on level 6 of the Dungeon.
             The game lasted 00:08:44 (4614 turns).

Peloso the Slasher (Minotaur Fighter)               Turns: 4614, Time: 00:08:45

Health: 0/70       AC:  5    Str: 20    XL:     8   Next: 23%
Magic:  7/7        EV:  6    Int:  5    God:
Gold:   272        SH: 13    Dex: 13    Spells: 7/7 levels left

rFire   . . .        a - +1 long sword
rCold   . . .        d - +0 tower shield
rNeg    . . .        b - +0 chain mail
rPois   .            (helmet restricted)
rElec   .            (no cloak)
rCorr   .            (no gloves)
SInv    .            c - +1 pair of boots
Will    .....        (no amulet) Stlth
                     (no ring)
HPRegen 0.31/turn    (no ring)
MPRegen 0.10/turn

%: no passive effects
@: corroded
A: horns 2, retaliatory headbutt
a: no special abilities


You were on level 6 of the Dungeon.
You visited 1 branch of the dungeon, and saw 6 of its levels.
You also visited: Sewer.

You collected 272 gold pieces.

Inventory:

Hand Weapons
 a - a +1 long sword (weapon)
Missiles
 e - 2 throwing nets (quivered)
Armour
 b - a +0 chain mail (worn)
 c - a +1 pair of boots (worn)
 d - a +0 tower shield (worn)
Wands
 t - a wand of flame (22)
 u - a wand of charming (3)
Scrolls
 g - a scroll of fear
 i - a scroll of enchant weapon
 n - a scroll of teleportation
 q - 2 scrolls of fog
 s - a scroll of enchant armour
Potions
 f - 5 potions of curing
 h - 2 potions of haste
 l - 2 potions of might
 m - a potion of invisibility
 p - 2 potions of resistance
 r - 2 potions of mutation {unknown}
 v - 2 potions of magic {unknown}
 w - 3 potions of heal wounds {unknown}
 x - a potion of brilliance {unknown}
 z - a potion of cancellation {unknown}


   Skills:
 + Level 6.0 Fighting
 + Level 7.7 Long Blades
 + Level 7.5 Armour
 + Level 1.4 Dodging
 + Level 0.1 Stealth
 + Level 5.3 Shields


You had 7 spell levels left.
You didn't know any spells.
Your spell library contained the following spells:

 Spells                   Type           Power      Damage    Failure   Level
 Magic Dart               Conj           0%         1d3       100%        1
 Blink                    Tloc           0%         N/A       100%        2
 Call Imp                 Summ           0%         N/A       100%        2
 Lesser Beckoning         Tloc           0%         N/A       100%        2
 Momentum Strike          Conj/Tloc      0%         3d8       100%        2
 Frozen Ramparts          Ice            0%         1d1       100%        3
 Mephitic Cloud           Conj/Pois/Air  0%         N/A       100%        3
 Ice Form                 Ice/Tmut       0%         N/A       100%        4
 Summon Ice Beast         Ice/Summ       0%         N/A       100%        4


Dungeon Overview and Level Annotations

Branches:
Dungeon (6/15)              Sewer (visited)
 Temple: D:4-7

Altars:
Ashenzari
Dithmenos
Gozag
Kikubaaqudgha
Uskayaw
Vehumet
Wu Jian

Shops:
D:3 [

Annotations:
D:1 Dig
D:4 Pikel


Innate Abilities, Weirdness & Mutations

You have a pair of horns on your head.
You reflexively headbutt those who attack you in melee.


Message History

An acid dragon comes into view.
The acid dragon roars!
An acid dragon is nearby!
The acid dragon spits acid at you. The splash of acid hits you!
The acid corrodes you! The acid dragon barely misses you.
You block the acid dragon's attack.
You hit the acid dragon.
The acid dragon is lightly wounded.
A scorpion comes into view.
You block the acid dragon's attack. x2
You hit the acid dragon but do no damage.
The acid dragon is lightly wounded.
The acid dragon bites you. You block the acid dragon's attack.
You hit the acid dragon. You headbutt the acid dragon.
The acid dragon is heavily wounded.
The acid dragon bites you! The acid dragon claws you.
You hit the acid dragon. You headbutt the acid dragon.
The acid dragon is heavily wounded.
The acid dragon spits acid at you. The splash of acid hits you!
You block the acid dragon's attack. The acid dragon barely misses you.
You hit the acid dragon.
The acid dragon is severely wounded.
The acid dragon bites you. You block the acid dragon's attack.
You hit the acid dragon.
The acid dragon is severely wounded.
The acid dragon bites you.
* * * LOW HITPOINT WARNING * * *
The acid dragon barely misses you.
You slash the acid dragon! Your headbutt misses the acid dragon.
The acid dragon is almost dead.
You block the acid dragon's attack. The acid dragon barely misses you.
The acid dragon spits acid at you. The splash of acid hits you!
* * * LOW HITPOINT WARNING * * *
The acid corrodes you!
You feel better. The acid dragon spits acid at you.
The splash of acid hits you!
You die...

. .## #.# # #.# #
#.#.# P# #.#.#
PP###
#.#.###.....#
#....@Ds.....
#####...#######.#
..>.......#
##..#####.# #.
#.#####.#. .
#.<.......
#..####.#. #..#
....


You could see an acid dragon (catching breath) and a scorpion.

Vanquished Creatures
  A black bear (D:5)
  3 ogres (D:5)
  A centaur (D:5)
  2 lemures (D:3)
  4 kobold brigands
  A scorpion (D:5)
  A jelly (D:5)
  4 hounds
  Ijyb (D:4)
  Terence (D:3)
  2 orc wizards (D:4)
  5 gnolls
  5 adders
  4 worms
  A dart slug (D:5)
  13 orcs
  9 ball pythons
  3 endoplasms
  4 giant cockroaches
  6 goblins
  5 hobgoblins
  10 jackals
  A quokka (D:1)
  6 bats
  8 frilled lizards
  24 kobolds
  5 rats
130 creatures vanquished.

Notes
Turn   | Place    | Note
-------+----------+-------------------------------------------
     0 | D:1      | Peloso the Minotaur Fighter began the quest for the Orb.
     0 | D:1      | Reached XP level 1. HP: 19/19 MP: 0/0
    79 | D:1      | Reached XP level 2. HP: 12/27 MP: 1/1
   443 | D:1      | Reached XP level 3. HP: 33/33 MP: 2/2
  1565 | D:3      | Noticed Terence
  1576 | D:3      | Killed Terence
  1577 | D:3      | Reached skill level 5 in Armour
  1577 | D:3      | Reached XP level 4. HP: 37/40 MP: 3/3
  1605 | D:3      | Found a broken altar of Ashenzari.
  1635 | D:3      | Found Enwig's Antique Armour Shoppe.
  1679 | D:3      | Found a shadowy altar of Dithmenos.
  1827 | D:3      | Found an ornate altar of the Wu Jian Council.
  2078 | D:4      | Reached XP level 5. HP: 46/47 MP: 4/4
  2095 | D:4      | Found a radiant altar of Vehumet.
  2313 | D:4      | Reached skill level 5 in Long Blades
  2431 | D:4      | Noticed a lemure
  2431 | D:4      | Noticed a lemure
  2432 | D:4      | Noticed Pikel
  2491 | D:3      | Killed a lemure
  2503 | D:3      | Killed a lemure
  2652 | D:4      | Reached XP level 6. HP: 15/53 MP: 5/5
  2798 | D:4      | Found an opulent altar of Gozag.
  2819 | D:4      | Noticed Ijyb
  2834 | D:4      | Killed Ijyb
  2880 | D:5      | Entered Level 5 of the Dungeon
  3180 | D:5      | Reached skill level 5 in Fighting
  3180 | D:5      | Reached skill level 1 in Dodging
  3180 | D:5      | Reached XP level 7. HP: 44/61 MP: 6/6
  3458 | D:5      | Found a glowing drain.
  3470 | Sewer    | Entered a sewer
  3966 | D:5      | Found a hide-covered altar of Uskayaw.
  3968 | D:5      | Found an ancient bone altar of Kikubaaqudgha.
  3979 | D:5      | Reached skill level 5 in Shields
  3979 | D:5      | Reached XP level 8. HP: 70/70 MP: 7/7
  4614 | D:6      | Killed from afar by an acid dragon

Illustrated notes

Levels and vault maps discovered:
D:1:      sevenhm_arrival_forest_fort_large_4, layout_loops_cross, serial_glass,
          glass_columns_c, glass_columns_b, minmay_strange_pillars,
          due_unseen_surprise
D:2:      layout_basic, nicolae_wormholes
D:3:      layout_rooms, nicolae_ashenzari_skybound,
          mainiacjoe_overflow_concentric_impassable, general_overflow_altar,
          serial_shops, shop_statue, uniq_terence
D:4:      layout_basic, nicolae_vehumet_altar_sigil,
          mainiacjoe_overflow_chevrons, reono_crystal_passage, uniq_pikel,
          uniq_ijyb
D:5:      layout_loops_ring, grunt_temple_overflow_open,
          cheibrodos_sewer_entry_drain, lexackson_kobold_supper
D:6:      kennysheep_kobold_camp, layout_loops_ring,
          nicolae_elyvilon_temple_path, minmay_temple_entry_glassed_door,
          uniq_maggie

Skill      XL: |  1  2  3  4  5  6  7  8 |
---------------+-------------------------+-----
Fighting       | 4 5 6 |  6.0
Armour         | 4 5 6 7 |  7.5
Shields        | 4 5 |  5.3
Long Blades    | 3 5 7 |  7.7
Dodging        | 1 |  1.4
Stealth        | |  0.1

Action                     |  1- 3 |  4- 6 |  7- 9 || total
---------------------------+-------+-------+-------++-------
  Melee: Long sword        |    88 |   172 |   123 ||   383
         Headbutt          |    20 |    28 |    25 ||    73
    Use: Potion            |     3 |       |     1 ||     4
         Scroll            |       |       |    12 ||    12
 Armour: Scale mail        |    53 |       |       ||    53
         Chain mail        |       |   126 |    88 ||   214
  Dodge: Dodged            |    47 |    87 |    53 ||   187
  Block: Buckler           |    25 |    46 |    24 ||    95
         Tower shield      |       |       |    24 ||    24
